 Dungeon Crawl Stone Soup version 0.29.0-4-gdea44cf6ec (webtiles) character file.

Game seed: 16732748116630359224

14 qw the Chopper (level 2, 0/24 HPs)
             Began as a Barachi Chaos Knight on Sept 6, 2022.
             Slain by a smoke demon (5 damage)
             ... summoned by Xom
             ... on level 1 of the Dungeon.
             The game lasted 00:00:18 (676 turns).

qw the Chopper (Barachi Chaos Knight)                Turns: 676, Time: 00:00:18

Health: 0/24       AC:  5    Str: 13    XL:     2   Next: 45%
Magic:  2/2        EV: 11    Int: 10    God:
Gold:   65         SH:  0    Dex: 11    Spells: 1/1 levels left

rFire   . . .      SeeInvis .   a - +0 hand axe (chaos)
rCold   . . .      Faith    .   (no shield)
rNeg    . . .      Spirit   .   b - +2 leather armour
rPois   .          Reflect  .   (no helmet)
rElec   .          Harm     .   (no cloak)
rCorr   .          Rampage  .   (no gloves)
Will    .....                   (no boots)
Stlth   +.........              (no amulet)
HPRegen 0.08/turn               (no ring)
MPRegen 0.08/turn               (no ring)

@: lethally poisoned (0 -> -23), slow
A: amphibious, slowness 1, strong legs 1, +LOS, dopey 1
a: Hop


You were on level 1 of the Dungeon.
You visited 1 branch of the dungeon, and saw 1 of its levels.

You collected 65 gold pieces.


Innate Abilities, Weirdness & Mutations

You are amphibious.
You cover ground slowly.
You can hop short distances.
You have an extended range of vision and can be seen from far away.
You are dopey. (Int -2)


   Skills:
 - Level 3.6 Fighting
 + Level 4.2 Axes
 - Level 2.4 Armour
 - Level 1.1 Dodging


You had one spell level left.
You didn't know any spells.
Your spell library was empty.

Inventory:

Hand Weapons
 a - a +0 hand axe of chaos (weapon)
 d - a +0 club
Armour
 b - a +2 leather armour (worn)
Scrolls
 h - a scroll of teleportation {unknown}
 i - a scroll of enchant weapon {unknown}
Potions
 e - a potion of attraction {unknown}
 f - a potion of magic {unknown}
 g - a potion of heal wounds {unknown}
Miscellaneous
 c - a piece from Xom's chessboard (15/15)

Dungeon Overview and Level Annotations

Branches:
Dungeon (1/15)

Altars:


Message History

You hit the white imp. You burn the white imp.
You hit the chaos spawn but do no damage.
You closely miss the shadow imp. You hit the crimson imp.
Space warps horribly around the crimson imp!
You kill the crimson imp!
The crimson imp disappears in a puff of smoke!
You hit the smoke demon but do no damage.
You barely miss the shadow imp.
The white imp is no longer moving slowly.
The chaos spawn closely misses you.
The ynoxinul gestures.
The smoke demon hits you.
The smoke demon hits you but does no damage.
The smoke demon closely misses you.
The shadow imp hits you but does no damage.
You hit the white imp. You burn the white imp.
You kill the white imp!
The white imp disappears in a puff of smoke!
You barely miss the shadow imp. You hit the ynoxinul.
The ynoxinul convulses.
You hit the chaos spawn but do no damage.
You hit the ice devil but do no damage. You barely miss the smoke demon.
You hit the shadow imp but do no damage.
The chaos spawn barely misses you. The shadow imp gestures at you.
Pain shoots through your body! The shadow imp barely misses you.
The smoke demon completely misses you. The smoke demon misses you.
The smoke demon hits you but does no damage.
You hit the ynoxinul.
The ynoxinul convulses.
The ynoxinul is moderately wounded.
You barely miss the iron imp.
You hit the chaos spawn but do no damage.
The chaos spawn is poisoned.
You closely miss the ice devil. You hit the smoke demon.
You freeze the smoke demon. You barely miss the shadow imp.
You hit the shadow imp. The iron imp hits you. The shadow imp hits you.
The ynoxinul gestures.
The chaos spawn gores you!
Ouch! That really hurt!
You are lethally poisoned!
The chaos spawn poisons you! The smoke demon hits you.
You die...

#.##...####### # .
.... ..#.# # ##
##...# ...# #P#
P.#..#.# ...# #.#
.#..#.# ...P P....
P.5..## #..# #.#
#.# #554.. #..#...
...#354# #..#.#
#P#.#.#5@.# #..PP
.P.P.P.343# #..#
#P#.#.#.55# ##..#
.P #55.#
...#############.##
##...............#
#.#..########.#)#
#.##.# #...# ..##.#
###.#


You could see a hellwing (summoned), an ice devil (summoned), a smoke demon
(summoned), 2 ynoxinuls, a chaos spawn (summoned, very poisoned), an iron imp
(summoned), a white imp (summoned), 4 shadow imps and 3 ufetubi.

Vanquished Creatures
  4 endoplasms (D:1)
  A goblin (D:1)
  A hobgoblin (D:1)
  3 ball pythons (D:1)
  A frilled lizard (D:1)
  5 rats (D:1)
15 creatures vanquished.

Notes
Turn   | Place    | Note
-------+----------+-------------------------------------------
     0 | D:1      | qw the Barachi Chaos Knight began the quest for the Orb.
     0 | D:1      | Reached XP level 1. HP: 18/18 MP: 1/1
     0 | D:1      | 0 ||| qw: Version: 0.1-a-108-g9e35731
     0 | D:1      | 0 ||| qw: Game counter: 6182
     0 | D:1      | 0 ||| qw: Always use a shield: true
     0 | D:1      | 0 ||| qw: God list: Okawaru
     0 | D:1      | 0 ||| qw: Allow faded altars: false
     0 | D:1      | 0 ||| qw: Do Orc after D:15 true
     0 | D:1      | 0 ||| qw: Do second Lair branch before Depths: true
     0 | D:1      | 0 ||| qw: Lair rune preference: random
     0 | D:1      | 0 ||| qw: Plans: Normal
     0 | D:1      | 0 ||| PLANNING D:1-11
     0 | D:1      | Fell from the grace of Xom
   141 | D:1      | XOM: give mutations
   141 | D:1      | Gained mutation: You occasionally shout uncontrollably at
                  | your foes. [Xom's mischief]
   141 | D:1      | Gained mutation: You are dopey. (Int -2) [Xom's mischief]
   141 | D:1      | Lost mutation: You occasionally shout uncontrollably at
                  | your foes. [Xom's mischief]
   362 | D:1      | Reached XP level 2. HP: 22/24 MP: 2/2
   449 | D:1      | Reached skill level 4 in Axes
   672 | D:1      | XOM: summons 14 hostile demons
   673 | D:1      | Noticed a smoke demon
   673 | D:1      | Noticed a crimson imp
   673 | D:1      | Noticed an ice devil
   673 | D:1      | Noticed a chaos spawn
   673 | D:1      | Noticed a ynoxinul
   673 | D:1      | Noticed a hellwing
   673 | D:1      | Noticed a ynoxinul
   676 | D:1      | HP: 5/24 [chaos spawn[Xom] (12)]
   676 | D:1      | Slain by a smoke demon

Levels and vault maps discovered:
D:1:      lemuel_arrival_cross, layout_loops_ring,
          shapermc_ecumenical_altar_mp_urbaneastern

Skill      XL: |  1  2 |
---------------+-------+-----
Axes           | 4 |  4.2
Fighting       | |  3.6
Armour         | |  2.4
Dodging        | |  1.1

Action                   || total
-------------------------++-------
Melee: Hand axe          ||    43
Invok: Renounce Religion ||     1
Armor: Leather armour    ||     9
Dodge: Dodged            ||    20

Table legend:
 A = Non-vault XP
 B = Vault XP
 C = Vault XP percentage of total XP
 D = Non-vault monster count
 E = Vault monster count
 F = Vault count percentage of total count
                 A         B        C        D         E       F
            +---------+---------+-------+---------+---------+-------
      Total |      21 |       0 |   0.0 |      15 |       0 |   0.0
            +---------+---------+-------+---------+---------+-------
        D:1 |      21 |       0 |   0.0 |      15 |       0 |   0.0
            +---------+---------+-------+---------+---------+-------
